Map: Île des contrebandiers EC

Players

zidar

  • Race: Zerg Zerg
  • League: Gold
  • Spawn Location: 5:00

Onionhead - Winner!

  • Race: Zerg Zerg
  • League: Gold
  • Spawn Location: 11:00

VOD

Have the link to the VOD?

Description

Time

  • Played on: Sept. 4, 2017, 2:35 p.m.
  • Length: 13:23
Show
View Real Time Build Order
Export as new Build Order

zidar Zerg 

Build Orders: Pool First 

Get SALT Encoding   

  12  0:01  Drone  
  13  0:12  Overlord  
  13  0:17  Drone  
  14  0:31  Drone x2  
  16  0:44  Spawning Pool  
  15  1:11  Hatchery  
  15  1:12  Drone  
  16  1:25  Drone  
  16  1:31  Queen, Extractor  
  17  1:35  Zergling x2  
  17  1:38  Zergling x2  
  19  1:59  Extractor  
  19  2:00  Drone  
  19  2:07  Queen  
  19  2:08  Overlord  
  21  2:35  Zergling x2  
  21  2:36  Zergling x8  
  26  2:53  Metabolic Boost  
  26  2:57  Overlord  
  26  3:00  Zergling x8  
  30  3:09  Zergling x4  
  32  3:21  Baneling Nest  
  32  3:26  Zergling x4  
  33  3:38  Zergling x4  
  35  3:52  Zergling x2  
  35  3:53  Zergling x4  
  36  4:12  Zergling x8  
  36  4:14  Baneling  
  36  4:15  Baneling  
  26  4:52  Zergling x12  
  28  4:53  Zergling x4  
  30  5:08  Zergling x6  
  30  5:14  Baneling x3  
  33  5:19  Baneling x2  
  33  5:27  Pneumatized Carapace  
  33  5:38  Evolution Chamber  
  33  5:42  Drone  
  33  6:06  Overlord  
  33  6:08  Drone x3  
  36  6:34  Drone x2  
  36  6:35  Overlord  
  36  6:36  Overlord  
  38  6:57  Zerg Melee Weapons Level 1  
  38  7:00  Drone  
  38  7:01  Drone x4  
  43  7:08  Extractor  
  42  7:15  Overlord  
  42  7:18  Drone x2  
  43  7:38  Baneling x4  
  43  7:48  Drone  
  43  7:49  Drone x8  
  52  7:58  Roach Warren  
  50  8:48  Lair  
  50  8:52  Roach x4  
  58  8:56  Overlord  
  58  8:57  Overlord x6  
  58  9:08  Zerg Ground Armor Level 1  
  58  9:15  Extractor  
  56  9:17  Extractor  
  55  9:51  Hatchery  
  54  9:57  Drone x2  
  54  9:58  Drone x11  
  57  10:35  Zergling x26  
  56  10:36  Zergling x4  
  59  10:50  Zergling x2  
  59  10:51  Zergling x2  
  45  11:43  Zergling x12  
  46  11:55  Drone  
  46  11:56  Drone  
  46  11:57  Queen  
  46  11:59  Queen  
  52  12:28  Hatchery  
  44  12:36  Zergling x12  
  49  12:40  Baneling  
  49  12:41  Baneling x7  
Show
View Real Time Build Order
Export as new Build Order

Onionhead Zerg - Winner!

Build Orders: Pool First 

Get SALT Encoding   

  12  0:01  Drone  
  13  0:13  Overlord  
  13  0:18  Drone  
  14  0:34  Drone x2  
  16  0:46  Spawning Pool  
  15  0:56  Drone  
  16  0:59  Extractor  
  16  1:00  Drone  
  16  1:04  Drone  
  16  1:10  Overlord  
  17  1:28  Drone  
  18  1:34  Queen, Zergling x2  
  21  1:49  Drone  
  22  2:01  Hatchery  
  21  2:41  Metabolic Boost  
  21  2:45  Zergling x10  
  21  2:46  Zergling x2  
  27  3:03  Baneling Nest  
  26  3:15  Queen  
  26  3:17  Drone  
  29  3:23  Zergling x4  
  29  3:24  Zergling x6  
  34  3:27  Drone  
  34  3:31  Zergling x2  
  36  4:02  Baneling x4  
  34  4:09  Zergling x10  
  36  4:10  Zergling x2  
  36  4:11  Baneling  
  36  4:15  Overlord x2  
  24  4:53  Zergling x10  
  24  4:56  Queen  
  24  4:59  Queen  
  31  5:04  Extractor  
  32  5:10  Spore Crawler  
  31  5:14  Spore Crawler, Drone  
  31  5:15  Drone x3  
  31  5:20  Spore Crawler  
  33  5:22  Spore Crawler  
  33  5:25  Baneling x6  
  32  5:37  Drone x2  
  32  5:40  Drone x3  
  32  5:41  Lair  
  37  5:46  Evolution Chamber  
  36  6:03  Drone x2  
  36  6:04  Drone x2  
  40  6:06  Zergling x2  
  40  6:07  Zergling x2  
  42  6:14  Overlord  
  42  6:15  Overlord  
  42  6:19  Zergling x6  
  45  6:50  Nydus Network  
  44  6:54  Extractor  
  44  6:55  Drone x2  
  44  6:56  Zergling x2, Drone x2  
  44  6:57  Zergling x2  
  44  6:58  Zergling x2  
  44  6:59  Zergling x8  
  54  7:09  Hydralisk Den  
  53  7:18  Drone x2  
  55  7:24  Overseer  
  37  7:35  Zergling x12  
  37  7:36  Zergling x6  
  46  7:44  Extractor  
  45  7:50  Hydralisk  
  45  7:51  Hydralisk  
  47  7:53  Zergling x2  
  47  7:54  Zergling x2  
  51  8:07  Nydus Canal  
  51  8:11  Zergling x4  
  51  8:12  Zergling x4  
  46  8:47  Zergling x4  
  46  8:48  Zergling x8, Hydralisk x3  
  51  8:49  Zergling x2  
  51  8:50  Zergling x2  
  60  9:12  Baneling x3  
  60  9:16  Drone x5  
  65  9:20  Drone x2  
  67  9:36  Overseer  
  67  9:37  Overseer  
  67  9:56  Nydus Canal  
  51  10:55  Zergling x2  
  51  10:56  Zergling x8, Hydralisk x3  
  51  10:57  Overlord x2, Zergling x8, Hydralisk  
  61  10:58  Overlord  
  59  11:11  Zergling x4  
  59  11:12  Hatchery  
  59  11:21  Hydralisk x2  
  59  11:45  Zergling x2  
  59  11:46  Zergling x10, Hydralisk x2  
  64  12:11  Baneling x4  
  64  12:12  Baneling x4  
  64  12:40  Zergling x8, Hydralisk x3  
  64  12:41  Zergling x8, Hydralisk x2  
  64  12:42  Overlord x2  
  75  12:58  Hatchery  
Tags
 
Add a new tag
Caveats
  • Supply blocks, unpowered buildings, or Contaminate may cause inaccurate times.
  • Supply counts are checked every 10 seconds.